Map: Reclamation LE

Players

trey - Winner!

  • Race: Zerg Zerg
  • League: Silver
  • Spawn Location: 11:00

badzerg - Winner!

  • Race: Protoss Protoss
  • League: Platinum
  • Spawn Location: 12:00

MattBarry

  • Race: Protoss Protoss
  • Spawn Location: 6:00

MattBarry

  • Race: Zerg Zerg
  • Spawn Location: 5:00

VOD

Have the link to the VOD?

Description

Time

  • Played on: Dec. 22, 2022, 7:31 p.m.
  • Length: 19:39
Show
View Real Time Build Order
Export as new Build Order

trey Zerg - Winner!

Build Orders: Hatch First 

Get SALT Encoding   

  12  0:00  Drone  
  13  0:12  Overlord  
  13  0:22  Drone  
  14  0:31  Drone x2  
  17  0:35  Drone  
  17  0:46  Drone  
  18  1:01  Hatchery  
  18  1:03  Drone  
  18  1:12  Extractor  
  18  1:15  Extractor  
  18  1:17  Drone  
  17  1:25  Spawning Pool, Drone  
  17  1:29  Drone  
  18  1:42  Drone  
  19  1:50  Drone  
  20  2:02  Overlord  
  20  2:13  Zergling x2  
  20  2:14  Metabolic Boost  
  21  2:17  Zergling x2  
  22  2:23  Zergling x2  
  24  2:30  Zergling x2  
  24  2:34  Zergling x2  
  25  2:38  Zergling x2  
  26  2:46  Drone  
  26  2:47  Drone  
  26  2:50  Lair  
  28  2:53  Queen  
  28  2:55  Drone  
  31  3:02  Drone  
  30  3:43  Drone x6  
  32  4:02  Roach Warren  
  31  4:10  Extractor, Spine Crawler  
  31  4:13  Drone, Extractor  
  31  4:14  Drone x3  
  32  4:33  Drone  
  32  4:34  Drone x3  
  32  4:36  Overlord x3  
  36  4:58  Drone  
  36  4:59  Drone x6  
  43  5:22  Hatchery  
  43  5:24  Infestation Pit  
  43  5:26  Glial Reconstitution  
  41  5:30  Burrow  
  41  5:34  Roach x6  
  53  5:41  Queen  
  55  5:50  Drone x4  
  59  6:12  Drone  
  59  6:14  Overlord x5  
  60  6:21  Evolution Chamber  
  60  6:22  Evolution Chamber  
  58  6:32  Roach x3  
  64  6:45  Tunneling Claws  
  64  6:46  Drone  
  66  6:47  Drone x6  
  71  6:57  Roach x4  
  71  6:58  Roach  
  81  7:07  Roach  
  81  7:08  Roach x5  
  89  7:29  Roach  
  97  7:30  Roach x3  
  97  7:55  Overlord  
  97  7:56  Overlord x7  
  97  8:04  Overseer  
  97  8:13  Overlord  
  97  8:14  Overlord x3  
  97  8:29  Pneumatized Carapace  
  79  8:59  Roach x9  
  75  9:26  Drone x6  
  81  9:32  Extractor  
  81  9:34  Extractor  
  81  9:36  Zerg Ground Armor Level 1, Zerg Melee Weapons Level 1  
  79  9:40  Swarm Host  
  79  9:42  Roach x2  
  86  9:54  Hatchery  
  85  10:07  Hatchery  
  84  10:20  Drone  
  84  10:21  Drone x8  
  93  10:49  Hatchery  
  92  10:52  Roach x2  
  92  10:53  Roach x4  
  105  11:07  Roach  
  105  11:08  Roach x6  
  117  11:17  Roach x3  
  110  11:28  Roach x3  
  110  11:29  Roach x2  
  95  11:50  Roach  
  95  11:51  Roach x7  
  82  12:04  Roach  
  82  12:05  Roach x2  
  79  12:18  Roach x3  
  78  12:25  Roach  
  78  12:26  Roach x2  
  76  12:37  Roach  
  76  12:38  Roach x2  
  78  12:51  Roach x5  
  88  13:01  Roach  
  88  13:02  Roach x3  
  96  13:09  Unknown  
  95  13:18  Hatchery  
  95  13:19  Roach  
  104  13:20  Roach x7  
  104  13:26  Hatchery  
  109  13:36  Roach x3  
  95  14:13  Roach  
  95  14:14  Roach x8  
  81  14:31  Roach x4  
  83  14:43  Ravager x2  
  83  14:44  Ravager x6  
  83  14:45  Ravager x2  
  93  14:47  Roach  
  93  14:48  Roach x7  
  109  14:53  Roach  
  109  14:54  Roach  
  113  15:07  Roach x5  
  115  15:13  Roach x2  
  115  15:14  Roach x3  
  83  15:50  Roach x11  
  83  15:51  Roach x4  
  107  16:03  Roach  
  107  16:04  Roach x3  
  109  16:31  Roach  
  109  16:32  Roach x7  
  125  16:36  Zerg Melee Weapons Level 2  
  125  16:37  Roach x25, Zerg Ground Armor Level 2  
  125  16:40  Hatchery  
  125  16:43  Hatchery  
  119  17:01  Roach x8  
  105  17:02  Roach x4  
  74  17:19  Roach x4  
  81  17:25  Roach  
  81  17:26  Roach x3  
  89  17:41  Roach x4  
  89  18:13  Roach  
  89  18:14  Roach x11  
  95  18:49  Roach x7  
  95  18:50  Roach x5  
  107  19:04  Roach x4  
Show
View Real Time Build Order
Export as new Build Order

badzerg Protoss - Winner!

Build Orders:  

Get SALT Encoding   

  12  0:01  Probe  
  13  0:13  Probe  
  14  0:22  Pylon  
  14  0:25  Probe  
  15  0:40  Probe (Chrono Boost)  
  16  0:47  Gateway  
  17  0:50  Assimilator, Probe (Chrono Boost)  
  17  0:55  Probe (Chrono Boost)  
  18  1:07  Assimilator, Probe (Chrono Boost)  
  20  1:19  Probe (Chrono Boost)  
  20  1:21  Pylon  
  20  1:25  Probe (Chrono Boost)  
  21  1:33  Probe  
  21  1:39  Cybernetics Core  
  22  1:42  Zealot  
  22  1:45  Probe  
  25  1:48  Pylon  
  25  1:57  Probe  
  26  2:16  Stargate  
  26  2:26  Zealot  
  26  2:29  Pylon  
  28  2:40  Nexus  
  28  2:48  Assimilator  
  28  2:52  Probe  
  29  3:05  Void Ray (Chrono Boost)  
  33  3:07  Probe  
  38  3:35  Void Ray (Chrono Boost), Probe  
  39  3:44  Assimilator  
  39  3:47  Probe  
  40  3:50  Stargate  
  40  3:53  Probe  
  41  3:58  Pylon  
  41  4:00  Probe  
  42  4:05  Probe  
  43  4:15  Void Ray (Chrono Boost)  
  47  4:22  Probe x2  
  47  4:23  Warp Gate  
  49  4:34  Probe x2  
  51  4:46  Probe  
  51  4:47  Probe  
  51  4:48  Pylon  
  57  4:53  Void Ray (Chrono Boost)  
  57  4:58  Probe  
  57  4:59  Probe  
  59  5:09  Forge  
  59  5:11  Shield Battery, Probe x2  
  61  5:23  Probe x2  
  67  5:30  Void Ray (Chrono Boost)  
  67  5:35  Probe x2  
  73  5:44  Void Ray (Chrono Boost)  
  73  5:47  Photon Cannon, Probe  
  74  5:55  Probe  
  75  5:57  Photon Cannon  
  75  6:05  Pylon  
  75  6:09  Pylon  
  75  6:23  Nexus  
  79  6:27  Photon Cannon  
  79  6:29  Void Ray  
  79  6:34  Probe x2  
  81  6:44  Twilight Council  
  85  6:49  Probe x2  
  85  6:52  Void Ray  
  87  6:55  Protoss Air Weapons Level 1  
  87  6:58  Shield Battery  
  87  7:00  Photon Cannon  
  83  7:15  Pylon  
  87  7:27  Void Ray  
  91  7:30  Probe x2  
  91  7:34  Assimilator  
  91  7:35  Void Ray  
  93  7:47  Stalker  
  93  7:48  Probe (Chrono Boost)  
  93  7:50  Probe x2 (Chrono Boost)  
  98  7:53  Templar Archives  
  98  7:57  Gateway  
  98  8:00  Gateway, Assimilator, Probe (Chrono Boost)  
  98  8:02  Pylon  
  100  8:07  Probe (Chrono Boost)  
  100  8:08  Probe (Chrono Boost)  
  100  8:10  Probe (Chrono Boost)  
  102  8:13  Probe  
  102  8:15  Pylon, Probe  
  102  8:18  Gateway  
  108  8:24  Void Ray  
  108  8:25  Probe x2  
  114  8:29  Void Ray  
  114  9:07  Void Ray  
  118  9:12  Void Ray  
  114  9:18  High Templar x4  
  114  9:20  Probe x2  
  124  9:24  Gateway  
  124  9:25  Gateway  
  124  9:26  Photon Cannon  
  124  9:28  Gateway, Pylon x2  
  124  9:30  Probe  
  125  9:32  Probe  
  125  9:34  Forge  
  125  9:35  Shield Battery  
  125  9:36  Probe  
  125  9:37  Charge  
  127  9:42  Probe  
  132  9:46  Protoss Ground Armor Level 1 (Chrono Boost)  
  132  9:47  Forge  
  132  9:48  Pylon  
  132  9:50  Void Ray  
  132  9:51  Pylon  
  132  9:52  Probe x2  
  138  9:53  Pylon  
  138  9:55  Void Ray  
  138  9:59  Psionic Storm  
  138  10:02  Nexus  
  138  10:11  High Templar  
  138  10:12  High Templar x3  
  146  10:19  Fleet Beacon  
  146  10:27  Protoss Ground Weapons Level 1 (Chrono Boost)  
  146  10:33  High Templar, Assimilator, Protoss Air Armor Level 1 (Chrono Boost)  
  148  10:36  Zealot, Assimilator  
  148  10:37  Protoss Shields Level 1 (Chrono Boost)  
  150  10:44  Zealot x2  
  154  10:51  Pylon  
  154  10:52  Pylon  
  162  11:02  Void Ray x2  
  146  11:15  Archon x4  
  146  11:18  Blink  
  146  11:19  High Templar x3  
  146  11:20  Zealot x4  
  112  11:41  Zealot x2  
  112  11:42  Zealot x2  
  128  11:52  Void Ray  
  128  11:53  Void Ray  
  116  12:14  Zealot x7  
  118  12:16  Archon  
  104  12:30  Probe x2  
  104  12:32  Probe  
  104  12:35  Zealot x6, Void Ray (Chrono Boost)  
  104  12:36  Zealot  
  115  12:38  Void Ray (Chrono Boost)  
  115  12:42  Pylon, Probe x2  
  115  12:43  Pylon  
  115  12:54  Protoss Ground Weapons Level 2 (Chrono Boost), Protoss Ground Armor Level 2 (Chrono Boost)  
  115  12:57  Protoss Shields Level 2 (Chrono Boost)  
  115  13:02  High Templar x2  
  115  13:04  Photon Cannon  
  115  13:05  Shield Battery, Probe  
  119  13:06  Probe x2  
  119  13:10  Flux Vanes  
  126  13:12  Zealot  
  126  13:13  Zealot x4  
  126  13:15  Void Ray (Chrono Boost)  
  140  13:20  Void Ray (Chrono Boost)  
  140  13:33  Photon Cannon  
  140  13:34  Photon Cannon, High Templar x3  
  136  13:51  Void Ray  
  136  13:52  Zealot x4  
  108  14:21  Void Ray  
  98  14:25  Archon  
  98  14:28  Zealot x2  
  98  14:29  Zealot, High Templar  
  98  14:30  High Templar x3  
  110  14:34  Void Ray  
  106  14:40  Probe x3  
  109  14:48  Gateway  
  109  14:50  Gateway  
  109  14:51  Zealot x3  
  115  14:54  Gateway  
  115  14:56  Gateway  
  115  15:03  High Templar  
  115  15:04  Zealot, High Templar x2  
  123  15:12  Protoss Ground Weapons Level 3 (Chrono Boost)  
  123  15:13  Protoss Ground Armor Level 3 (Chrono Boost)  
  123  15:20  Zealot x3  
  127  15:35  Zealot  
  127  15:36  Zealot  
  119  15:51  Zealot x7  
  119  15:52  Zealot  
  135  16:13  Stalker  
  135  16:14  Stalker x3  
  135  16:15  Zealot x5  
  147  16:29  Zealot x2  
  151  16:36  Zealot  
  151  16:37  Zealot x6  
  151  16:38  Zealot  
  175  16:44  Void Ray x2  
  175  16:45  Protoss Shields Level 3 (Chrono Boost)  
  175  16:59  Zealot  
  175  17:00  Zealot x10  
  197  17:17  Pylon  
  171  17:36  Zealot x3  
  171  17:37  Zealot x8  
  189  17:44  Photon Cannon  
  189  17:46  Shield Battery  
  189  17:49  Gateway  
  167  18:08  Void Ray x2  
  167  18:09  Zealot x8  
  167  18:11  High Templar x3  
  153  18:46  Archon  
  145  18:49  High Templar x5  
  145  18:50  Zealot x2  
  145  18:51  Zealot x3, Void Ray  
  155  19:06  Archon x2  
  155  19:08  Zealot x2  
  151  19:20  Nexus  
  151  19:24  Photon Cannon  
  147  19:38  Stalker x6  
  147  19:39  Stalker  
Show
View Real Time Build Order
Export as new Build Order

MattBarry Protoss 

Build Orders:  

Get SALT Encoding   

  12  0:00  Probe (Chrono Boost)  
  13  0:12  Probe (Chrono Boost)  
  14  0:18  Pylon  
  14  0:20  Probe (Chrono Boost)  
  15  0:36  Probe  
  15  0:39  Gateway  
  16  0:48  Probe  
  17  0:51  Assimilator  
  17  1:00  Probe  
  18  1:09  Pylon  
  18  1:12  Probe (Chrono Boost)  
  19  1:22  Probe (Chrono Boost)  
  20  1:26  Zealot  
  20  1:27  Probe (Chrono Boost)  
  20  1:28  Cybernetics Core  
  23  1:42  Probe  
  24  1:54  Probe  
  25  2:01  Nexus  
  25  2:04  Adept (Chrono Boost)  
  25  2:06  Warp Gate  
  27  2:09  Probe  
  28  2:20  Assimilator  
  28  2:21  Probe  
  29  2:25  Pylon  
  29  2:27  Adept  
  31  2:43  Probe  
  32  2:49  Pylon  
  32  2:55  Probe  
  32  2:57  Stalker  
  35  3:06  Gateway  
  35  3:16  Probe  
  35  3:17  Probe  
  35  3:33  Adept  
  35  3:37  Probe x2  
  37  3:41  Robotics Facility  
  37  3:58  Probe x2  
  37  4:02  Assimilator  
  39  4:07  Adept, Assimilator  
  41  4:10  Probe  
  41  4:11  Probe  
  41  4:12  Stalker  
  45  4:22  Gateway  
  45  4:23  Probe x2  
  47  4:24  Gateway  
  47  4:30  Stalker  
  49  4:34  Observer  
  49  4:35  Probe x2  
  52  4:43  Stalker  
  54  4:53  Stargate  
  54  4:54  Stalker  
  56  5:00  Warp Prism  
  56  5:01  Probe x2  
  56  5:05  Pylon  
  60  5:07  Pylon  
  60  5:17  Probe x2  
  60  5:18  Twilight Council  
  62  5:26  Sentry x2  
  62  5:27  Stalker x2  
  70  5:38  Probe x2  
  72  5:54  Nexus  
  72  5:55  Observer  
  72  5:56  Pylon  
  73  6:02  Probe x2  
  75  6:04  Blink  
  75  6:10  Templar Archives  
  75  6:14  Probe x2  
  75  6:16  Stalker  
  79  6:24  Pylon  
  79  6:25  Pylon, Stalker x2  
  78  6:26  Probe  
  78  6:30  Probe  
  78  6:32  Stalker  
  86  6:42  Probe  
  86  6:43  Probe  
  88  6:47  Forge  
  88  6:50  Forge  
  88  6:59  Stalker x4  
  70  7:24  Stalker x2  
  70  7:25  Stalker x2  
  76  7:35  Probe x3  
  79  7:47  Probe x3  
  79  7:50  Gateway  
  82  7:51  Gateway  
  82  7:57  Stalker, Assimilator  
  82  7:58  Stalker x3  
  88  8:02  Assimilator  
  88  8:04  Psionic Storm  
  88  8:08  Probe x3  
  88  8:10  Protoss Ground Weapons Level 1, Protoss Ground Armor Level 1  
  91  8:18  Stalker  
  91  8:19  Stalker x2  
  97  8:22  Stalker  
  99  8:28  Probe x3  
  102  8:40  Probe  
  97  8:51  Stalker x5  
  87  9:15  Stalker x4  
  87  9:16  Stalker x2  
  97  9:35  Pylon  
  97  9:36  Pylon  
  97  9:38  Pylon  
  97  9:39  Stalker x3  
  97  9:40  Stalker x3  
  109  10:02  Probe x3  
  109  10:05  Pylon  
  112  10:08  Phoenix  
  114  10:15  Stalker  
  114  10:16  Stalker x5  
  114  10:18  Protoss Ground Weapons Level 2 (Chrono Boost), Protoss Ground Armor Level 2 (Chrono Boost)  
  126  10:35  Nexus  
  126  10:36  Stargate  
  126  10:37  Pylon  
  126  10:38  Pylon  
  126  10:39  Stargate  
  126  10:41  Stalker x4  
  134  10:42  Stalker  
  134  10:45  Stalker  
  132  11:10  Stalker x2  
  132  11:11  Stalker x4  
  106  11:43  Stalker x5  
  106  11:44  Stalker  
  114  12:27  Stalker x3  
  114  12:28  Stalker x2  
  114  12:29  Stalker  
  120  12:31  Gateway  
  120  12:32  Gateway  
  120  12:36  Gateway x2  
  106  12:51  Stalker x5  
  108  12:53  Stalker  
  130  13:06  Protoss Ground Weapons Level 3 (Chrono Boost), Protoss Ground Armor Level 3 (Chrono Boost)  
  130  13:10  Void Ray x3  
  130  13:21  Nexus  
  130  13:27  Assimilator  
  130  13:29  Stalker x2  
  130  13:30  Stalker x6, Assimilator  
  123  13:53  Stalker x6  
  123  13:54  Stalker x4  
  103  14:32  Stalker x2  
  103  14:33  Stalker x6  
  103  14:34  Stalker x2  
  123  14:53  Nexus  
  123  14:55  Pylon  
  123  14:57  Pylon  
  123  15:02  Stalker x6  
  123  15:03  Stalker x2  
  123  15:05  Stalker  
  141  15:07  Sentry  
  145  15:22  Void Ray  
  145  15:26  Stalker x3  
  139  15:42  Stalker x4  
  141  15:43  Stalker  
  143  16:07  Stalker x6  
  143  16:08  Stalker  
  157  16:11  Stalker  
  159  16:33  Stalker  
  159  16:34  Stalker x5  
  171  16:45  Assimilator  
  171  16:48  Assimilator  
  90  17:32  Stalker x5  
  90  17:33  Stalker x4  
  90  17:34  Zealot  
  78  18:02  Stalker x4  
  78  18:03  Stalker x4  
  78  18:04  Stalker x2  
  70  18:30  Stalker  
  70  18:31  Stalker x6  
  70  18:32  Stalker x3  
  78  18:56  Stalker x4  
  78  18:57  Stalker  
  86  19:08  Stalker x2  
Show
View Real Time Build Order
Export as new Build Order

MattBarry Zerg 

Build Orders: Hatch First 

Get SALT Encoding   

  12  0:00  Drone  
  13  0:13  Overlord  
  13  0:17  Drone  
  14  0:26  Extractor  
  13  0:29  Drone  
  15  0:49  Hatchery  
  14  1:02  Spawning Pool  
  13  1:10  Drone  
  13  1:11  Drone  
  15  1:14  Drone  
  16  1:22  Drone  
  17  1:32  Extractor  
  16  1:45  Drone  
  17  1:48  Drone  
  18  1:55  Queen  
  20  2:02  Queen  
  20  2:05  Drone  
  20  2:06  Drone  
  24  2:08  Extractor  
  24  2:15  Roach Warren  
  22  2:20  Drone x2  
  24  2:26  Overlord  
  24  2:45  Drone x5  
  29  2:52  Drone  
  30  3:15  Lair  
  30  3:21  Evolution Chamber  
  30  3:24  Evolution Chamber  
  30  3:27  Roach x4  
  36  3:39  Overlord x2  
  32  3:49  Queen  
  31  4:20  Spore Crawler  
  30  4:24  Queen  
  30  4:26  Spore Crawler  
  30  4:31  Drone x4  
  34  4:32  Drone  
  36  4:39  Glial Reconstitution  
  36  4:48  Zerg Missile Weapons Level 1  
  36  5:15  Spore Crawler  
  36  5:19  Drone x3  
  36  5:21  Overlord  
  38  5:22  Overlord  
  38  5:27  Zerg Ground Armor Level 1  
  38  5:45  Queen  
  38  5:48  Drone x3  
  38  5:49  Drone  
  44  5:50  Drone  
  45  5:57  Infestation Pit  
  45  6:01  Spore Crawler  
  43  6:05  Drone  
  50  6:18  Roach x3  
  50  6:39  Hatchery  
  49  6:43  Drone  
  49  6:44  Drone x4  
  54  6:54  Zerg Missile Weapons Level 2  
  54  7:08  Roach x3  
  60  7:10  Overlord  
  60  7:38  Zerg Ground Armor Level 2  
  60  7:49  Roach x4  
  60  7:50  Overlord  
  60  7:51  Overlord x2  
  68  7:56  Queen  
  70  8:16  Queen  
  70  8:18  Drone  
  73  8:24  Hive  
  75  8:40  Drone  
  64  8:41  Roach  
  64  8:42  Roach x3  
  64  8:43  Roach x7  
  64  8:44  Roach  
  70  8:57  Roach x4  
  76  9:33  Drone x4  
  76  9:34  Drone x3  
  83  9:41  Zerg Missile Weapons Level 3  
  83  9:47  Queen  
  85  10:07  Roach  
  85  10:08  Roach x5, Overlord x2  
  85  10:10  Overlord  
  85  10:13  Metabolic Boost  
  97  10:19  Overlord  
  97  10:20  Overlord  
  97  10:26  Queen  
  100  10:42  Zergling x2  
  100  10:43  Zergling x24  
  112  10:57  Roach x2  
  112  10:58  Roach x2  
  108  11:25  Zergling x2  
  108  11:28  Zergling x12  
  108  11:31  Roach x2  
  101  12:06  Roach  
  101  12:07  Roach x8  
  94  12:24  Overlord x2  
  88  12:36  Queen  
  90  12:39  Tunneling Claws  
  86  12:53  Pneumatized Carapace  
  86  13:12  Burrow  
  86  13:40  Hatchery  
  85  13:51  Hatchery  
  85  13:53  Roach  
  85  13:54  Roach x19  
  120  14:04  Hatchery  
  120  14:06  Roach x3  
  118  14:52  Extractor  
  117  14:54  Extractor  
  116  15:00  Roach  
  116  15:01  Hatchery, Overlord x4  
  116  15:02  Roach  
  116  15:03  Roach x6  
  116  15:06  Zerg Ground Armor Level 3  
  131  15:24  Drone  
  131  15:25  Drone x5  
  111  16:10  Hydralisk Den  
  110  16:13  Hydralisk Den  
  107  16:20  Roach x21  
  107  17:15  Extractor  
  106  17:17  Extractor  
  105  17:37  Roach  
  105  17:38  Roach x18  
  105  17:39  Roach x17  
  105  17:42  Roach x5  
  151  18:05  Hydralisk x2  
  135  18:06  Hydralisk x2  
  103  18:37  Hydralisk x4  
  103  18:38  Drone  
  103  18:41  Roach  
  94  18:42  Zergling x16  
  94  18:43  Zergling x8  
Tags
 
Add a new tag
Caveats
  • Supply blocks, unpowered buildings, or Contaminate may cause inaccurate times.
  • Supply counts are checked every 10 seconds.